 Dungeon Crawl Stone Soup version 0.22-b1-21-g5cfc1688f2 (webtiles) character file.

131 Pisosu the Grasshopper (level 5, -3/43 HPs)
             Began as a Gnoll Warper on Aug 6, 2018.
             Slain by a big kobold
             ... wielding a +0 short sword
              (7 damage)
             ... in a sewer.
             The game lasted 00:07:34 (2893 turns).

Pisosu the Grasshopper (Gnoll Warper)               Turns: 2893, Time: 00:07:35

Health: -3/43      AC:  3    Str: 13    XL:     5   Next: 14%
Magic:  12/12      EV: 14    Int: 16    God:
Gold:   130        SH:  0    Dex: 15    Spells: 10/14 levels left

rFire    . . .     SeeInvis .   o - +0 dire flail
rCold    . . .     Gourm    .   (shield currently unavailable)
rNeg     . . .     Faith    .   b - +0 leather armour
rPois    .         Spirit   .   (no helmet)
rElec    .         Reflect  .   (no cloak)
rCorr    .         Harm     .   (no gloves)
MR       .....                  (no boots)
Stlth    ++........             (no amulet)
HPRegen  0.14/turn              (no ring)
MPRegen  0.13/turn              (no ring)

@: no status effects
A: distributed training, fangs 1, strong nose
a: no special abilities


You were in a sewer.
You were not hungry.

You visited 1 branch of the dungeon, and saw 3 of its levels.
You also visited: Sewer.

You collected 130 gold pieces.

Inventory:

Hand Weapons
 a - a +0 hand axe
 o - a +0 dire flail (weapon)
 p - a +0 club
 q - a +0 hunting sling
Missiles
 e - 5 tomahawks of dispersal (quivered)
 l - a poisoned needle
 u - 19 sling bullets
Armour
 b - a +0 leather armour (worn)
Scrolls
 d - 2 scrolls of blinking
 g - 7 scrolls of identify {unknown}
 h - 2 scrolls of remove curse {unknown}
 k - 3 scrolls of enchant armour {unknown}
 m - a scroll of teleportation {unknown}
Potions
 c - 2 potions of haste {unknown}
 i - 3 potions of invisibility {unknown}
 j - 2 potions of curing {unknown}
 n - a potion of flight {unknown}
 r - 2 potions of brilliance {unknown}
 s - 3 potions of heal wounds {unknown}
 t - a potion of might {unknown}
Comestibles
 f - 2 rations
 v - 2 chunks of flesh


   Skills:
 + Level 4.7 Fighting
 + Level 1.3 Short Blades
 + Level 1.3 Long Blades
 + Level 4.7 Axes
 + Level 1.3 Maces & Flails
 + Level 1.3 Polearms
 + Level 1.3 Staves
 + Level 1.3 Slings
 + Level 1.3 Bows
 + Level 1.3 Crossbows
 + Level 2.9 Throwing
 + Level 2.9 Armour
 + Level 4.7 Dodging
 + Level 1.3 Stealth
 + Level 1.3 Shields
 + Level 1.3 Unarmed Combat
 + Level 5.1 Spellcasting
 + Level 1.1 Conjurations
 + Level 1.1 Hexes
 + Level 1.1 Charms
 + Level 1.1 Summonings
 + Level 1.1 Necromancy
 + Level 5.5 Translocations
 + Level 1.1 Transmutations
 + Level 1.1 Fire Magic
 + Level 1.1 Ice Magic
 + Level 1.1 Air Magic
 + Level 1.1 Earth Magic
 + Level 1.1 Poison Magic
 + Level 1.5 Invocations
 + Level 1.3 Evocations


You had 10 spell levels left.
You knew the following spells:

 Your Spells              Type           Power        Failure   Level  Hunger
a - Blink                 Tloc           N/A          3%          2    #......
b - Shroud of Golubria    Chrm/Tloc      ##........   8%          2    #......

Your spell library contained the following spells:

 Spells                   Type           Power        Failure   Level  Hunger
 Teleport Other           Tloc           ###.....     6%          3    ###....
 Passage of Golubria      Tloc           N/A          21%         4    ####...
 Gell's Gravitas          Tloc           ###.......   6%          3    ###....
 Lesser Beckoning         Tloc           ###.......   6%          3    ###....


Dungeon Overview and Level Annotations

Branches:
Dungeon (3/15)

Altars:
Hepliaklqana
Trog
Xom


Innate Abilities, Weirdness & Mutations

Your experience applies equally to all skills.
You have very sharp teeth.
Your uncanny sense of smell can sniff out nearby items.


Message History

The big kobold closely misses you.
You hit the big kobold. Your bite misses the big kobold.
The big kobold is almost dead.
The big kobold hits you with a short sword.
* * * LOW HITPOINT WARNING * * *
You barely miss the big kobold.
The big kobold is almost dead.
The big kobold hits you but does no damage.
You barely miss the big kobold.
The big kobold is almost dead.
The big kobold hits you with a short sword.
* * * LOW HITPOINT WARNING * * *
The big kobold closely misses you.
You barely miss the big kobold. You bite the big kobold.
The big kobold is almost dead.
The big kobold barely misses you.
You miss the big kobold. Your bite misses the big kobold.
The big kobold is almost dead.
The big kobold hits you with a short sword!
You die...

##≈≈.## ##.≈≈## #
#.≈≈.≈####..≈.≈#####
#.....≈≈÷≈...≈≈≈≈≈≈≈
#.....####.....#####
##.(.## ##≈..## #
##(## ##≈## #(# #≈#
#.# #≈# #@# ##≈##
#K# ##≈≈≈## # #.K≈#
#.....##### #.≈!.#
#≈≈..≈≈≈≈≈≈ #...##
#.....##### ##.##
##≈≈.## # ### #####


You could see a big kobold and a kobold.

Vanquished Creatures
  3 adders
  2 river rats (Sewer)
  3 oozes (Sewer)
  3 worms
  A dart slug (D:2)
  5 leopard geckos
  6 giant cockroaches
  7 goblins
  8 hobgoblins
  A ball python (D:1)
  3 bats
  7 frilled lizards
  7 kobolds (D:2)
  3 rats
59 creatures vanquished.

Notes
Turn   | Place    | Note
-------+----------+-------------------------------------------
     0 | D:1      | Pisosu the Gnoll Warper began the quest for the Orb.
     0 | D:1      | Reached XP level 1. HP: 20/20 MP: 6/6
   186 | D:1      | Reached XP level 2. HP: 24/26 MP: 7/7
   876 | D:2      | Reached skill level 5 in Spellcasting
   876 | D:2      | Reached XP level 3. HP: 31/31 MP: 7/9
  1161 | D:2      | Found a shimmering altar of Xom.
  1261 | D:2      | Reached skill level 1 in Invocations
  1363 | D:2      | Found a hazy altar of Hepliaklqana.
  1523 | D:2      | Found a bloodstained altar of Trog.
  1707 | D:2      | Reached skill level 1 in Short Blades
  1707 | D:2      | Reached skill level 1 in Long Blades
  1707 | D:2      | Reached skill level 1 in Maces & Flails
  1707 | D:2      | Reached skill level 1 in Polearms
  1707 | D:2      | Reached skill level 1 in Staves
  1707 | D:2      | Reached skill level 1 in Slings
  1707 | D:2      | Reached skill level 1 in Bows
  1707 | D:2      | Reached skill level 1 in Crossbows
  1707 | D:2      | Reached skill level 1 in Stealth
  1707 | D:2      | Reached skill level 1 in Shields
  1707 | D:2      | Reached skill level 1 in Unarmed Combat
  1707 | D:2      | Reached skill level 1 in Evocations
  1707 | D:2      | Reached XP level 4. HP: 36/38 MP: 11/11
  1937 | D:3      | Learned a level 2 spell: Blink
  1952 | D:3      | Learned a level 2 spell: Shroud of Golubria
  2017 | D:3      | Found a glowing drain.
  2220 | Sewer    | Entered a sewer
  2354 | Sewer    | Reached skill level 1 in Conjurations
  2354 | Sewer    | Reached skill level 1 in Hexes
  2354 | Sewer    | Reached skill level 1 in Charms
  2354 | Sewer    | Reached skill level 1 in Summonings
  2354 | Sewer    | Reached skill level 1 in Necromancy
  2354 | Sewer    | Reached skill level 1 in Transmutations
  2354 | Sewer    | Reached skill level 1 in Fire Magic
  2354 | Sewer    | Reached skill level 1 in Ice Magic
  2354 | Sewer    | Reached skill level 1 in Air Magic
  2354 | Sewer    | Reached skill level 1 in Earth Magic
  2354 | Sewer    | Reached skill level 1 in Poison Magic
  2656 | Sewer    | Reached XP level 5. HP: 36/43 MP: 12/12
  2864 | Sewer    | Noticed a big kobold
  2893 | Sewer    | Slain by a big kobold

Skill      XL: |  1  2  3  4 |
---------------+-------------+-----
Spellcasting   | 5 |  5.1
Invocations    | 1 |  1.5
Short Blades   | 1 |  1.3
Long Blades    | 1 |  1.3
Maces & Flails | 1 |  1.3
Polearms       | 1 |  1.3
Staves         | 1 |  1.3
Slings         | 1 |  1.3
Bows           | 1 |  1.3
Crossbows      | 1 |  1.3
Stealth        | 1 |  1.3
Shields        | 1 |  1.3
Unarmed Combat | 1 |  1.3
Evocations     | 1 |  1.3
Conjurations   | 1 |  1.1
Hexes          | 1 |  1.1
Charms         | 1 |  1.1
Summonings     | 1 |  1.1
Necromancy     | 1 |  1.1
Transmutations | 1 |  1.1
Fire Magic     | 1 |  1.1
Ice Magic      | 1 |  1.1
Air Magic      | 1 |  1.1
Earth Magic    | 1 |  1.1
Poison Magic   | 1 |  1.1
Fighting       | |  4.7
Axes           | |  4.7
Throwing       | |  2.9
Armour         | |  2.9
Dodging        | |  4.7
Translocations | |  5.5

Action                   |  1- 3 |  4- 6 || total
-------------------------+-------+-------++-------
Melee: Hand axe          |    56 |       ||    56
       Bite              |     5 |     4 ||     9
       Dire flail        |       |    58 ||    58
 Fire: Hunting sling     |    73 |    36 ||   109
 Cast: Blink             |       |     1 ||     1
       Shroud of Golubri |       |     1 ||     1
  Eat: Chunk             |     2 |     4 ||     6
Armor: Leather armour    |    19 |    11 ||    30
Dodge: Dodged            |    69 |    63 ||   132
